 Dungeon Crawl Stone Soup version 0.31-a0-7-g51783674b7 (webtiles) character file.

Game seed: 12220680229222709005

70046 Moonkey the Thaumaturge (level 14, -13/85 (86) HPs)
             Began as a Deep Elf Conjurer on Apr 30, 2023.
             Was a High Priest of Vehumet.
             Killed from afar by a hellion (34 damage)
             ... with damnation
             ... summoned by Mlioglotl
             ... on level 1 of the Snake Pit on May 6, 2023.
             The game lasted 02:13:23 (30292 turns).

Moonkey the Thaumaturge (Deep Elf Conjurer)        Turns: 30292, Time: 02:13:24

HP:   -13/85 (86)   AC: 11    Str:  4    XL:     14   Next: 92%
MP:   20/34         EV: 26    Int: 35    God:    Vehumet [*****.]
Gold: 441           SH:  0    Dex: 13    Spells: 27/42 levels left

rFire   + . .        N - staff of earth
rCold   . . .        (no shield)
rNeg    + . .        d - +2 robe "Kuez" {rPois rF+ Will+}
rPois   +            C - +2 helmet {SInv}
rElec   .            (no cloak)
rCorr   .            v - +0 pair of gloves
SInv    +            M - +2 pair of boots of the Arcane {rN+}
Will    ++...        (no amulet)
Stlth   ++++         m - +5 ring of evasion
HPRegen 0.34/turn    j - +6 ring of intelligence
MPRegen 0.24/turn

%: no passive effects
@: agile, slowed, studying Translocations, lightly drained, very slow
A: no striking features
a: Renounce Religion


You were on level 1 of the Snake Pit.
You worshipped Vehumet.
Vehumet was extremely pleased with you.
You visited 4 branches of the dungeon, and saw 20 of its levels.
You also visited: Bailey and Volcano.

You collected 1457 gold pieces.
You spent 1016 gold pieces at shops.

Inventory:

Hand Weapons
 P - a +3 battleaxe of flaming
 Q - a +1 hand crossbow of flaming
Armour
 d - the +2 robe "Kuez" (worn) {rPois rF+ Will+}
   (You bought it in a shop on level 2 of the Dungeon)

   rF:        It protects you from fire.
   rPois:     It protects you from poison.
   Will:      It increases your willpower.
 g - +0 acid dragon scales
 h - +0 steam dragon scales
 v - a +0 pair of gloves (worn)
 C - a +2 helmet of see invisible (worn)
 H - the +1 helmet "Ifycridi" {rC+}
   (You found it in a bailey)

   rC:        It protects you from cold.
 M - the +2 pair of boots of the Arcane (worn) {rN+}
   (You found it on level 10 of the Dungeon)

   rN:        It protects you from negative energy.
 Z - the +0 hat "Gememel" {Will- Str+5}
   (You found it on level 4 of the Lair of Beasts)

   Str:       It affects your strength (+5).
   Will:      It decreases your willpower.
Magical Staves
 A - a staff of fire
 N - a staff of earth (weapon)
 W - a staff of conjuration
Jewellery
 a - a ring of resist corrosion
 j - a +6 ring of intelligence (right hand)
 m - a +5 ring of evasion (left hand)
 V - a ring of poison resistance
Wands
 O - a wand of iceblast (2)
 T - a wand of flame (5)
Scrolls
 c - 3 scrolls of brand weapon
 i - 11 scrolls of teleportation
 k - a scroll of enchant weapon
 l - 2 scrolls of poison
 q - 2 scrolls of butterflies {unknown}
 s - 9 scrolls of fear
 y - 4 scrolls of magic mapping
 z - 3 scrolls of amnesia {unknown}
 E - 6 scrolls of immolation
 G - 2 scrolls of fog
 I - 3 scrolls of enchant armour {unknown}
 S - 3 scrolls of noise
Potions
 b - a potion of magic
 e - 3 potions of haste
 n - a potion of brilliance
 r - 4 potions of flight
 u - 7 potions of curing
 w - 2 potions of mutation
 x - 2 potions of heal wounds
 J - 5 potions of might
 L - a potion of cancellation


   Skills:
 * Level 9.5 Fighting
 + Level 1.5 Armour
 + Level 10.2 Dodging
 + Level 10.4 Stealth
 * Level 14.8 Spellcasting
 * Level 13.1 Conjurations
 - Level 9.5 Translocations
 - Level 5.1 Fire Magic
 * Level 8.9 Earth Magic


You had 27 spell levels left.
You knew the following spells:

 Your Spells              Type           Power      Damage    Failure   Level
a - Magic Dart            Conj           100%       1d8       0%          1
b - Searing Ray           Conj           100%       2d8       0%          2
c - Iskenderun's Mystic   Conj/Tloc      81%        2d16      1%          4
d - Iron Shot             Conj/Erth      50%        9d10      1%          6
e - Blink                 Tloc           100%       N/A       1%          2

Your spell library contained the following spells:

 Spells                   Type           Power      Damage    Failure   Level
 Dazzling Flash           Conj/Hex       100%       N/A       1%          3
 Portal Projectile        Hex/Tloc       100%       N/A       1%          3
 Stone Arrow              Conj/Erth      100%       3d13      1%          3
 Volatile Blastmotes      Fire/Tloc      100%       2d18      1%          3
 Fulminant Prism          Conj/Hex       32%        3d16      1%          4
 Lee's Rapid Deconstruct  Erth           46%        3d22*     1%          5
 Animate Armour           Summ/Erth      100%       N/A       2%          4
 Leda's Liquefaction      Hex/Erth       36%        N/A       2%          4
 Call Canine Familiar     Summ           25%        N/A       4%          3
 Borgnjor's Vile Clutch   Necr/Erth      36%        N/A       7%          5
 Cause Fear               Hex            12%        N/A       16%         4
 Lehudib's Crystal Spear  Conj/Erth      50%        10d12     28%         8
 Alistair's Intoxication  Tmut/Pois      16%        N/A       38%         5
 Blade Hands              Tmut           12%        N/A       38%         5
 Eringya's Noxious Bog    Tmut/Pois      12%        N/A       50%         6
 Disjunction              Tloc           37%        N/A       90%         8
 Death Channel            Necr           12%        N/A       93%         6
 Simulacrum               Ice/Necr       12%        N/A       93%         6
 Ozocubu's Refrigeration  Ice            12%        4d10      95%         7
 Dragon Form              Tmut           12%        N/A       100%        7
 Dragon's Call            Summ           12%        N/A       100%        9
 Polar Vortex             Ice            12%        N/A       100%        9


Dungeon Overview and Level Annotations

Branches:
Dungeon (12/15)            Temple (1/1) D:5            Lair (5/5) D:8
 Shoals (0/4) Lair:2        Snake (2/4) Lair:3          Orc (0/2) D:10
 Bailey (visited)         Volcano (visited)
  Slime: Lair:4-5

Altars:
Ashenzari
Cheibriados
Dithmenos
Elyvilon
Fedhas
Gozag
Hepliaklqana
Kikubaaqudgha
Makhleb
Nemelex Xobeh
Okawaru
Qazlal
Ru
Sif Muna
Trog
Uskayaw
Vehumet
Wu Jian
Xom
Yredelemnul
Zin
The Shining One

Shops:
D:2 [!*   D:10 [(   Snake:1 *=

Annotations:
Lair:1 1 runed translucent door, Sywit's ghost, journeyman OgFE
Lair:4 exclusion: oklob plant
Lair:5 Nessos
Snake:1 Mlioglotl


Message History

You feel a surge of power!
The iron shot hits Mlioglotl!!!
Mlioglotl is heavily wounded.
Mlioglotl misses you. x2
Mlioglotl churns violently!
Mlioglotl radiates an aura of fear!
You are terrified of Mlioglotl!
The lich points at you and mumbles some strange words.
The bolt of cold hits the apocalypse crab!
The apocalypse crab resists.
The bolt of cold hits you!!!
Ouch! That really hurt!
Casting: Iron Shot (dangerous; 1% risk of failure)
Confirm with . or Enter, or press ? or * to list all spells.
You erupt in a blast of force!
The mystic blast hits the apocalypse crab!!
The apocalypse crab is severely wounded.
The apocalypse crab is knocked back by the mystic blast.
The mystic blast hits Mlioglotl but does no damage.
Mlioglotl is heavily wounded.
Mlioglotl churns violently!
Mlioglotl corrupts the dungeon around him!
Mlioglotl hits you!
* * * LOW HITPOINT WARNING * * *
Mlioglotl barely misses you.
The hellion gives a hideous shriek!
The thrashing horror roars!
Blink to where?
Press: ? - help, Dir - move target, p - Mlioglotl
As you read the scroll of blinking, it crumbles to dust.
You are no longer terrified.
You feel much better.
Mlioglotl churns violently!
Mlioglotl corrupts the dungeon around him!
The hellion gestures at you.
The sphere of damnation explodes!
The damnation engulfs you!!
* * * LOW HITPOINT WARNING * * *
The quasit gives a chilling moan.
You hear a shout!
As you read the scroll of fog, it crumbles to dust.
The scroll dissolves into smoke.
The hellion gestures at you.
The sphere of damnation explodes!
The damnation engulfs you!!
You die...

#.....#.)................#
###..(..2>.....#.........#
#......#.#..............#
#...####...#............#
####...##.X...5.........#
####.##..........##..#
##...#.§§.......##..#
##....##§§.......##..#
#...####@§§.#....##..#
##..#.#.§§§.......##..#
##......§§####....###..#
#.###.....# #....# #..#
##...##...# #....# #..# .
##....##...# #....###..# #
#.....##...## #.........#
# #...........#
#.........# #
#...........####........#


You could see Mlioglotl (strong), a hellion (summoned) and a quasit (summoned).

Vanquished Creatures
  2 hydras
  A two-headed ogre (D:9)
  A boulder beetle (Lair:1)
  A centaur warrior (D:9)
  A catoblepas (Lair:4)
  An anaconda (Snake:1)
  Erica (D:11)
  A hell hog (Volcano)
  A shock serpent (Snake:1)
  3 naga sharpshooters (Snake:1)
  2 fire crabs
  Amaemon (D:8)
  A sea snake (Snake:1)
  Pikel (D:8)
  A lindwurm (Lair:5)
  An orc knight (D:10)
  2 cyclopes (D:11)
  A manticore (D:11)
  A salamander (Snake:1)
  11 elephants
  A molten gargoyle (Volcano)
  8 black mambas
  An orange demon (D:8)
  3 rime drakes
  10 cane toads
  8 komodo dragons
  A queen bee (Lair:1)
  2 trolls
  2 polar bears
  4 blink frogs (Lair:1)
  A snapping turtle (Lair:2)
  6 wyverns
  2 shadows (D:9)
  23 yaks
  4 steam dragons
  2 basilisks
  11 fire bats (Volcano)
  2 vampire mosquitoes (D:10)
  A warg (Lair:5)
  9 nagas (Snake:1)
  An acid dragon (D:11)
  5 water moccasins
  4 hell hounds
  4 orc warriors
  9 black bears
  3 sky beasts
  18 wolves
  2 ogres
  6 centaurs
  A phantom (D:4)
  2 lemures (D:8)
  4 kobold brigands
  5 bullfrogs
  6 gnoll sergeants (Bailey)
  3 scorpions
  10 wights
  33 killer bees
  2 electric eels (Snake:1)
  4 howler monkeys
  8 lava snakes (Volcano)
  A jelly (D:6)
  3 hounds
  3 orc priests
  5 gnoll boudas (Bailey)
  5 iguanas
  8 orc wizards
  Robin (D:3)
  18 gnolls
  9 adders
  A shadow imp (D:7)
  2 white imps (D:6)
  2 ufetubi
  2 worms (D:2)
  4 dart slugs
  28 orcs
  2 bats
  5 endoplasms
  3 giant cockroaches
  14 goblins
  13 hobgoblins
  22 kobolds
  6 quokkas
  7 ball pythons
  A frilled lizard (D:1)
  8 rats
439 creatures vanquished.

Vanquished Creatures (others)
  16 fungi
  34 plants
50 creatures vanquished.

Grand Total: 489 creatures vanquished

Notes
Turn   | Place    | Note
-------+----------+-------------------------------------------
     0 | D:1      | Moonkey the Deep Elf Conjurer began the quest for the Orb.
     0 | D:1      | Reached XP level 1. HP: 10/10 MP: 6/6
   227 | D:1      | Reached XP level 2. HP: 16/16 MP: 1/8
   547 | D:1      | You fall into a shaft and drop 1 floor!
   603 | D:2      | Found Ruw Atam's General Store.
   609 | D:2      | Found Sewixias's Distillery.
   612 | D:2      | Bought a scroll of identify for 20 gold pieces
  1535 | D:2      | Reached XP level 3. HP: 20/20 MP: 7/10
  1538 | D:2      | Learned a level 2 spell: Searing Ray
  1573 | D:2      | Found a glowing golden altar of the Shining One.
  1597 | D:2      | Bought a scroll of teleportation for 30 gold pieces
  1692 | D:2      | Reached skill level 1 in Fighting
  1825 | D:2      | Found Vankapnoeme's Armour Shoppe.
  2118 | D:2      | Reached XP level 4. HP: 25/25 MP: 7/11
  2320 | D:2      | Bought a potion of lignification for 30 gold pieces
  2491 | D:3      | Learned a level 4 spell: Iskenderun's Mystic Blast
  2509 | D:3      | Reached skill level 1 in Translocations
  2555 | D:3      | Reached skill level 4 in Spellcasting
  2731 | D:3      | Found a sacrificial altar of Ru.
  2908 | D:3      | Identified the amulet "Letos" {Acrobat +Blink rPois rF-
                  | Str-4}
  3002 | D:3      | Reached skill level 5 in Conjurations
  3046 | D:3      | Noticed Robin
  3095 | D:3      | Killed Robin
  3096 | D:3      | Reached XP level 5. HP: 29/29 MP: 6/13
  3385 | D:2      | Bought a potion of curing for 36 gold pieces
  3513 | D:4      | Found a hazy altar of Hepliaklqana.
  3708 | D:4      | Noticed an ogre
  3715 | D:4      | Killed an ogre
  3928 | D:4      | Found a bloodstained altar of Trog.
  3933 | D:4      | Found a basalt altar of Yredelemnul.
  3936 | D:4      | Found an iron altar of Okawaru.
  4244 | D:4      | Found a radiant altar of Vehumet.
  4272 | D:4      | Became a worshipper of Vehumet
  4316 | D:4      | Reached XP level 6. HP: 35/35 MP: 11/15
  4364 | D:4      | Found a glowing silver altar of Zin.
  4364 | D:4      | Found a burning altar of Makhleb.
  4365 | D:4      | Noticed a balrug
  4365 | D:4      | Noticed an angel
  4607 | D:2      | Bought a potion of berserk rage for 60 gold pieces
  4664 | D:5      | Entered Level 5 of the Dungeon
  4727 | D:5      | Reached skill level 5 in Spellcasting
  4954 | D:5      | Reached XP level 7. HP: 29/40 MP: 8/17
  5285 | D:5      | Found an ornate altar of the Wu Jian Council.
  5293 | D:5      | Found a staircase to the Ecumenical Temple.
  5837 | D:5      | Reached skill level 6 in Spellcasting
  6177 | D:2      | Bought a potion of mutation for 96 gold pieces
  6286 | Temple   | Entered the Ecumenical Temple
  6286 | Temple   | Found a transporter.
  6286 | Temple   | Found a transporter.
  6288 | Temple   | Found a transporter.
  6288 | Temple   | Found a transporter.
  6411 | D:6      | Reached XP level 8. HP: 46/46 MP: 13/19
  6749 | D:6      | Found a broken altar of Ashenzari.
  6838 | D:6      | Reached skill level 7 in Spellcasting
  7023 | D:6      | Reached skill level 5 in Dodging
  7267 | D:6      | Reached * piety under Vehumet
  7267 | D:6      | Offered knowledge of Shock by Vehumet.
  7268 | D:6      | Reached skill level 5 in Stealth
  7486 | D:6      | Found a snail-covered altar of Cheibriados.
  7885 | D:7      | Found a flagged portal.
  7951 | Bailey   | Entered a bailey
  8193 | Bailey   | Reached XP level 9. HP: 19/52 MP: 10/22
  8547 | Bailey   | Reached skill level 8 in Spellcasting
  8570 | Bailey   | Offered knowledge of Momentum Strike by Vehumet.
  8839 | Bailey   | Reached ** piety under Vehumet
  8870 | Bailey   | Identified the +1 helmet "Ifycridi" {rC+}
  9423 | Bailey   | Reached skill level 5 in Fighting
  9788 | D:7      | Reached skill level 5 in Translocations
 10562 | D:2      | Bought a potion of resistance for 120 gold pieces
 10806 | D:8      | Reached skill level 9 in Spellcasting
 10838 | D:8      | Noticed Amaemon
 10885 | D:8      | Found a hide-covered altar of Uskayaw.
 10999 | D:8      | Noticed an orange demon
 11011 | D:8      | Killed an orange demon
 11076 | D:8      | Killed Amaemon
 11077 | D:8      | Reached XP level 10. HP: 60/60 MP: 6/25
 11207 | D:8      | Found a sparkling altar of Nemelex Xobeh.
 11292 | D:8      | Noticed Pikel
 11301 | D:8      | Killed Pikel
 11394 | D:8      | HP: 1/60 [komodo dragon (23)]
 11545 | D:8      | Offered knowledge of Ignite Poison by Vehumet.
 11821 | D:8      | Reached skill level 10 in Spellcasting
 11978 | D:8      | Found a blossoming altar of Fedhas.
 12423 | D:8      | Reached *** piety under Vehumet
 12482 | D:8      | Found a staircase to the Lair.
 12700 | D:9      | Noticed a two-headed ogre
 12815 | D:9      | Killed a two-headed ogre
 13308 | D:9      | Reached XP level 11. HP: 66/66 MP: 22/27
 13380 | D:9      | Reached skill level 11 in Spellcasting
 13481 | D:9      | Reached skill level 10 in Conjurations
 13482 | D:9      | Offered knowledge of Hailstorm by Vehumet.
 13965 | D:9      | Noticed a centaur warrior
 13979 | D:9      | Killed a centaur warrior
 14315 | D:10     | Entered Level 10 of the Dungeon
 14416 | D:10     | Found a white marble altar of Elyvilon.
 14465 | D:10     | Identified the +2 pair of boots of the Arcane {rN+}
 14607 | D:10     | Found Sekhehej's Armour Emporium.
 14607 | D:10     | Found a staircase to the Orcish Mines.
 14607 | D:10     | Found Odazigar's Weapon Emporium.
 14607 | D:10     | Noticed an orc knight
 14897 | D:10     | Reached **** piety under Vehumet
 15088 | D:10     | Killed an orc knight
 15220 | D:10     | Offered knowledge of Mephitic Cloud by Vehumet.
 16216 | D:11     | Noticed Erica
 16433 | Lair:1   | Entered Level 1 of the Lair of Beasts
 16447 | Lair:1   | Found a dark tunnel.
 16460 | Lair:1   | Reached skill level 1 in Fire Magic
 16535 | Volcano  | Entered a volcano
 16693 | Volcano  | Reached skill level 12 in Spellcasting
 17274 | Volcano  | Noticed a hell hog
 17287 | Volcano  | Killed a hell hog
 17511 | Volcano  | Noticed a fire crab
 17521 | Volcano  | Killed a fire crab
 17522 | Volcano  | Reached XP level 12. HP: 16/73 MP: 16/30
 17703 | Volcano  | Found a radiant altar of Vehumet.
 17847 | Lair:1   | Found a runed translucent door.
 18524 | Lair:1   | Noticed a boulder beetle
 18607 | Lair:1   | Reached ***** piety under Vehumet
 19529 | D:11     | Killed Erica
 19862 | D:11     | Noticed a boulder beetle
 19922 | D:12     | Noticed a centaur warrior
 19978 | D:11     | Reached skill level 13 in Spellcasting
 20142 | D:11     | Noticed a boulder beetle
 20492 | D:11     | Reached skill level 1 in Earth Magic
 21254 | D:8      | Learned a level 6 spell: Iron Shot
 21315 | Lair:1   | Killed a boulder beetle
 21418 | Lair:1   | Noticed Sywit's ghost (journeyman OgFE)
 21744 | Lair:2   | Offered knowledge of Lee's Rapid Deconstruction by Vehumet.
 22800 | Lair:2   | Found a staircase to the Shoals.
 23187 | Lair:3   | Found a staircase to the Snake Pit.
 23497 | Lair:3   | Reached XP level 13. HP: 79/79 MP: 13/32
 24923 | Lair:4   | Reached skill level 10 in Stealth
 25070 | Lair:4   | Reached skill level 14 in Spellcasting
 25510 | Lair:4   | Identified the +0 hat "Gememel" {Will- Str+5}
 25824 | Lair:4   | Got Kiqery's Volume of the Undead and Shifting
 25828 | Lair:4   | Learned a level 2 spell: Blink
 26025 | Lair:5   | Entered Level 5 of the Lair of Beasts
 26861 | Lair:5   | Reached skill level 5 in Fire Magic
 27005 | Lair:5   | Reached skill level 5 in Earth Magic
 27472 | Lair:5   | Noticed Nessos
 28091 | Lair:1   | Upgraded the game from 0.31-a0-1-g4198be8af4 to
                  | 0.31-a0-7-g51783674b7
 28369 | D:2      | Bought the +2 robe "Kuez" {rPois rF+ Will+} for 379 gold
                  | pieces
 28708 | Snake:1  | Entered Level 1 of the Snake Pit
 28720 | Snake:1  | Reached skill level 1 in Armour
 28754 | Snake:1  | Reached skill level 10 in Dodging
 29071 | Snake:1  | Noticed Mlioglotl
 29660 | Snake:1  | Found Zurotuvi's Jewellery Emporium.
 29660 | Snake:1  | Found Humiop's General Store.
 29669 | Snake:1  | Bought 3 scrolls of identify for 84 gold pieces
 29669 | Snake:1  | Bought a scroll of blinking for 105 gold pieces
 29669 | Snake:1  | Bought a scroll of poison for 56 gold pieces
 29679 | Snake:1  | Reached XP level 14. HP: 86/86 MP: 34/34
 30285 | Snake:1  | Noticed a lich
 30292 | Snake:1  | Killed from afar by a hellion

Illustrated notes

Levels and vault maps discovered:
D:1:      dpeg_arrival_concentric_ovals, layout_loops_ring,
          serial_co_window_serial, co_window_paths_a,
          co_window_of_opportunity_a, co_window_paths_b, co_window_corner_a,
          co_window_paths_b, co_window_broadway_a, co_window_broadway_b,
          co_window_unsneaky_path_b, co_window_unsneaky_path_d,
          co_window_2corner, co_window_4corner_a, glass_columns_a,
          glass_columns_a, glass_columns_b, glass_columns_b, glass_columns_b,
          serial_park_tiny_pond
D:2:      layout_rooms, basic_altar, serial_shops, shop, shop, shop_statue
D:3:      layout_basic, lemuel_coloured_pillars_altar, uniq_robin
D:4:      minmay_evil_eye, layout_basic,
          grunt_temple_overflow_order_and_chaos_2,
          mainiacjoe_overflow_cross_hatched, mainiacjoe_overflow_brackets,
          minmay_overflow_temple_star_quad, kennysheep_doodads
D:5:      layout_basic, nzn_wu_jian_contemplation,
          minmay_temple_entry_gardened_gates, minmay_misc_feat_chi
D:6:      layout_cave_pods, mainiacjoe_overflow_alcove_4,
          ashenzari_conservatory_becter
D:7:      layout_basic, enter_bailey_5, minmay_misc_feat_five
D:8:      layout_rooms, mainiacjoe_overflow_small_starburst,
          mainiacjoe_overflow_boulevard, fedhas_bush_and_centaur_altar,
          erik_lair_dragon, minmay_misc_feat_hallway, uniq_pikel, uniq_amaemon
D:9:      layout_grid_maze, minmay_misc_feat_enclosed,
          kennysheep_decorative_pillar, nicolae_concentric_dashed_squares_wild
D:10:     layout_roguey, mainiacjoe_overflow_surrounded_room, orc_david_3
D:11:     layout_gridville, uniq_erica
D:12:     layout_irregular_city
Temple:   hellmonk_temple_divided_pantheon
Lair:1:   layout_long_grid, special_room [special_room_bee],
          ebering_ghost_reflecting_pool, enter_volcano_1
Lair:2:   layout_loops_ring, minmay_shoals_entry_hut, beast_lair_carwin_3,
          lemuel_fruit_fields, infiniplex_staircase_pool_2
Lair:3:   layout_big_grid, dummy_snake_entry, minmay_holes,
          infiniplex_staircase_pool
Lair:4:   layout_regular_city
Lair:5:   hangedman_lair_caniforms_friends, layout_cave_pods,
          dpeg_slime_entry_enclosed, grunt_megastairs_2, uniq_nessos
Snake:1:  layout_onion_interference, minmay_shoptagon, serial_bayou_shore_a,
          uniq_mlioglotl
Snake:2:  hangedman_cross_stitches, layout_layer_cave, grunt_megastairs_3

Skill      XL: |  1  2  3  4  5  6  7  8  9 10 11 12 13 |
---------------+----------------------------------------+-----
Fighting       | 1 2 3 4 5 6 7 8 9 |  9.5
Dodging        | 3 4 5 6 7 8 9 10 | 10.2
Translocations | 1 2 3 5 7 9 |  9.5
Spellcasting   | 4 5 6 7 9 10 12 13 14 | 14.8
Conjurations   | 5 6 7 8 9 11 12 13 | 13.1
Stealth        | 3 4 5 6 7 8 9 10 | 10.4
Fire Magic     | 2 4 5 |  5.1
Earth Magic    | 3 8 |  8.9
Armour         | 1 |  1.5

Action                     |  1- 3 |  4- 6 |  7- 9 | 10-12 | 13-15 || total
---------------------------+-------+-------+-------+-------+-------++-------
   Cast: Magic Dart        |    77 |   120 |   174 |   251 |    63 ||   685
         Searing Ray       |       |     7 |    71 |   111 |     1 ||   190
         Iskenderun's Myst |       |       |    11 |   118 |    24 ||   153
         Iron Shot         |       |       |       |    45 |   105 ||   150
         Blink             |       |       |       |       |     1 ||     1
  Evoke: Wand              |       |       |       |     1 |       ||     1
    Use: Scroll            |       |       |     5 |     8 |    12 ||    25
         Potion            |       |       |     1 |     7 |     6 ||    14
 Armour: Robe              |       |    10 |    20 |     7 |     2 ||    39
         Steam dragon scal |       |       |       |    56 |     9 ||    65
  Dodge: Dodged            |     1 |    19 |    91 |   140 |    49 ||   300

Table legend: (Time is in decaauts)
 A = Elapsed time spent in this place.
 B = Non-inter-level travel time spent in this place.
 C = Inter-level travel time spent in this place.
 D = Time resting spent in this place.
 E = Time spent auto-exploring this place.
 F = Levels seen in this place.
 G = Mean time per level.
                   A        B        C        D        E       F      G
               +--------+--------+--------+--------+--------+-----+--------+
         Total |  30333 |  27153 |   3180 |  12159 |  10524 |  22 | 1378.8 |
       Dungeon |  17650 |  15248 |   2402 |   5833 |   7250 |  12 | 1470.8 |
        Temple |     33 |     21 |     12 |      0 |      7 |   1 |   33.0 |
          Lair |   8293 |   7582 |    711 |   4137 |   2361 |   5 | 1658.6 |
     Snake Pit |   1499 |   1446 |     53 |    608 |    590 |   2 |  749.5 |
        Bailey |   1579 |   1579 |      0 |    764 |    293 |   1 | 1579.0 |
       Volcano |   1275 |   1275 |      0 |    817 |     22 |   1 | 1275.0 |
               +--------+--------+--------+--------+--------+-----+--------+

Top non-repeatable levels by time:
     D:8: 2643 daAuts
  Lair:1: 2118 daAuts
    D:10: 2087 daAuts
  Lair:4: 1981 daAuts
  Lair:2: 1822 daAuts
     D:6: 1762 daAuts
     D:9: 1710 daAuts
     D:5: 1615 daAuts
  Bailey: 1579 daAuts
    D:11: 1548 daAuts
 Snake:1: 1497 daAuts
     D:1: 1456 daAuts
  Lair:3: 1350 daAuts
     D:3: 1350 daAuts
 Volcano: 1275 daAuts
